 Dungeon Crawl Stone Soup version 0.22.1-1-ga44c0e56f4 (webtiles) character file.

802 NooBx013 the Twirler (level 7, -5/60 HPs)
             Began as a White Draconian Gladiator on Oct 29, 2018.
             Slain by a centaur (10 damage)
             ... on level 5 of the Dungeon.
             The game lasted 00:11:14 (5107 turns).

NooBx013 the Twirler (White Draconian Gladiator)    Turns: 5107, Time: 00:11:14

Health: -5/60      AC:  6    Str: 16    XL:     7   Next: 59%
Magic:  7/7        EV: 14    Int: 10    God:
Gold:   204        SH:  0    Dex: 13    Spells: 6/6 levels left

rFire    + . .     SeeInvis .   a - +0 quarterstaff
rCold    + + .     Gourm    .   (shield currently unavailable)
rNeg     . . .     Faith    .   (armour unavailable)
rPois    .         Spirit   .   b - +0 hat
rElec    .         Reflect  .   e - scarf {rC+ rF+}
rCorr    .         Harm     .   (no gloves)
MR       .....                  (no boots)
Stlth    ++........             (no amulet)
HPRegen  0.20/turn              (no ring)
MPRegen  0.10/turn              (no ring)

@: no status effects
A: breathe frost, unfitting armour, cold resistance 1, cold-blooded, AC +6
a: Breathe Frost


You were on level 5 of the Dungeon.
You were not hungry.

You visited 1 branch of the dungeon, and saw 5 of its levels.
You also visited: Sewer.

You collected 204 gold pieces.

Inventory:

Hand Weapons
 a - a +0 quarterstaff (weapon)
Missiles
 c - 3 throwing nets (quivered)
Armour
 b - a +0 hat (worn)
 e - a scarf of resistance (worn)
Jewellery
 g - a cursed ring of teleportation {unknown}
Wands
 i - a wand of paralysis (15)
 l - a wand of flame (33)
Scrolls
 f - a scroll of teleportation
 h - 10 scrolls of identify
 m - a scroll of blinking {unknown}
 n - a scroll of amnesia {unknown}
 o - a scroll of remove curse
Potions
 j - a potion of flight
 k - a potion of ambrosia
Comestibles
 d - 4 rations


   Skills:
 * Level 4.4 Fighting
 + Level 5.8 Staves
 * Level 3.3 Throwing
 * Level 4.9 Dodging
 + Level 1.3 Stealth


You had 6 spell levels left.
You didn't know any spells.
Your spell library was empty.

Dungeon Overview and Level Annotations

Branches:
Dungeon (5/15)             Temple (0/1) D:4

Altars:
Cheibriados
Hepliaklqana
Makhleb
Ru
Uskayaw

Annotations:
D:3 2 transporters


Innate Abilities, Weirdness & Mutations

You can breathe waves of freezing cold.
You can buffet flying creatures when you breathe cold.
Your icy white scales are hard. (AC +6)
You cannot fit into any form of body armour.
Your flesh is cold resistant. (rC+)
You are cold-blooded and may be slowed by cold attacks.


Message History

The centaur unwields an uncursed shortbow.
The centaur hits you but does no damage. x2
Things that are here:
a club; a hobgoblin corpse You barely miss the centaur.
Your tail-slap misses the centaur.
The centaur barely misses you.
You hit the centaur.
You tail-slap the centaur, but do no damage.
The centaur is lightly wounded.
The centaur completely misses you. The centaur barely misses you.
You hit the centaur.
The centaur is lightly wounded.
The centaur hits you!
* * * LOW HITPOINT WARNING * * *
You hit the centaur.
The centaur is heavily wounded.
The centaur hits you!
* * * LOW HITPOINT WARNING * * *
The centaur hits you!
You die...

#))).#
##################''#############
≈≈≈≈≈≈≈≈≈≈≈≈≈≈≈≈.....≈≈≈≈≈≈≈≈≈≈≈≈
≈≈≈≈≈≈≈≈≈≈≈≈≈≈≈≈≈(....≈≈≈≈≈≈≈≈≈≈≈
≈≈≈≈≈≈≈≈≈≈≈≈≈≈≈≈)(....≈≈≈≈≈≈≈≈≈≈≈
≈..≈..≈≈≈.≈.≈≈≈≈≈)(...≈..≈≈.≈≈≈≈≈
.................(...............
...........(.((()c(..............
#######.########@.########..##.##
........)())))((..))..)....).....
##############.....)##########)#.
.............(..(...'... #.#.
##########.###......#### ##(#. #
#..........#(.....# #.).. #
#..........#.###### #. #..o.
###..........### #. #≈)..
...........### #. #.((.


You could see a centaur.

Vanquished Creatures
  A sky beast (D:5)
  An ogre (D:5)
  A big kobold (Sewer)
  A bullfrog zombie (D:4)
  A hound (D:4)
  7 orc wizards
  4 worker ants
  An adder (D:2)
  A shadow imp (D:5)
  6 oozes
  An adder skeleton (D:4)
  A worm (D:2)
  A dart slug (D:2)
  3 leopard geckos
  18 orcs
  2 ball pythons
  8 bats
  2 giant cockroaches
  23 goblins
  15 hobgoblins
  13 jackals
  11 kobolds
  2 quokkas
  12 frilled lizards
  16 rats
152 creatures vanquished.

Notes
Turn   | Place    | Note
-------+----------+-------------------------------------------
     0 | D:1      | NooBx013 the Draconian Gladiator began the quest for the
                  | Orb.
     0 | D:1      | Reached XP level 1. HP: 17/17 MP: 1/1
   229 | D:1      | Reached XP level 2. HP: 21/24 MP: 2/2
   515 | D:1      | Reached XP level 3. HP: 26/30 MP: 3/3
  1161 | D:2      | Reached XP level 4. HP: 26/37 MP: 4/4
  1213 | D:2      | Reached skill level 4 in Staves
  1440 | D:2      | Found a snail-covered altar of Cheibriados.
  1648 | D:2      | Found a hazy altar of Hepliaklqana.
  1856 | D:3      | Found a transporter.
  1858 | D:3      | Found a transporter.
  2100 | D:3      | Found a glowing drain.
  2104 | Sewer    | Entered a sewer
  2271 | Sewer    | Noticed a big kobold
  2301 | Sewer    | Killed a big kobold
  2301 | Sewer    | Reached XP level 5. HP: 27/45 MP: 5/5
  2479 | Sewer    | Found a white marble altar of Elyvilon.
  2835 | D:3      | Found a hide-covered altar of Uskayaw.
  2838 | D:3      | Found a burning altar of Makhleb.
  2841 | D:3      | Found a sacrificial altar of Ru.
  3037 | D:4      | Reached XP level 6. HP: 22/51 MP: 6/6
  3374 | D:4      | Reached skill level 1 in Stealth
  3404 | D:4      | Reached skill level 5 in Staves
  3971 | D:4      | Found a staircase to the Ecumenical Temple.
  4252 | D:5      | Entered Level 5 of the Dungeon
  4523 | D:5      | Your scales start taking on an icy white colour.
  4523 | D:5      | Reached XP level 7. HP: 27/58 MP: 7/7
  4523 | D:5      | Gained mutation: Your flesh is cold resistant. (rC+) [White
                  | Draconian growth]
  5107 | D:5      | Slain by a centaur

Skill      XL: |  1  2  3  4  5  6  7 |
---------------+----------------------+-----
Dodging        | 3 4 |  4.9
Throwing       | 2 3 |  3.3
Staves         | 4 5 |  5.8
Fighting       | 3 4 |  4.4
Stealth        | 1 |  1.3

Action                   |  1- 3 |  4- 6 |  7- 9 || total
-------------------------+-------+-------+-------++-------
Melee: Quarterstaff      |   111 |   295 |    86 ||   492
       Tailslap          |    11 |    27 |    10 ||    48
 Abil: Breathe Frost     |       |       |     3 ||     3
  Use: Scroll            |     2 |     1 |       ||     3
       Potion            |     1 |    10 |       ||    11
 Stab: Sleeping          |     1 |     5 |       ||     6
       Distracted        |       |       |     1 ||     1
  Eat: Ration            |     1 |     3 |     1 ||     5
Armor: Skin              |    35 |    87 |    34 ||   156
Dodge: Dodged            |    86 |   241 |    61 ||   388
